 Dungeon Crawl Stone Soup version 0.30-a0-556-g0a0f5a245f (webtiles) character file.

Game seed: 3210280627370800036

53 M4edhros the Charlatan (level 3, 0/24 HPs)
             Began as an Octopode Artificer on Dec 26, 2022.
             Slain by a goblin
             ... wielding a +0 club
              (4 damage)
             ... on level 2 of the Dungeon.
             The game lasted 00:01:07 (668 turns).

M4edhros the Charlatan (Octopode Artificer)          Turns: 668, Time: 00:01:08

Health: 0/24       AC:  1    Str: 11    XL:     3   Next: 87%
Magic:  3/3        EV: 13    Int: 13    God:
Gold:   59         SH:  3    Dex: 14    Spells: 2/2 levels left

rFire   . . .      SeeInvis .      - Unarmed
rCold   . . .      Faith    .    h - +0 buckler
rNeg    . . .      Spirit   .    (helmet restricted)
rPois   .          Reflect  .    (no amulet)
rElec   .          Harm     .    (no ring)
rCorr   .          Rampage  .    (no ring)
Will    .....                    (no ring)
Stlth   +++                      (no ring)
HPRegen 0.24/turn                (no ring)
MPRegen 0.08/turn                (no ring)
                                 (no ring)
                                 (no ring)

@: no status effects
A: almost no armour, amphibious, 8 rings, camouflage 1, gelatinous body 1,
(nimble swimmer 1), tentacles
a: no special abilities


You were on level 2 of the Dungeon.
You visited 1 branch of the dungeon, and saw 2 of its levels.

You collected 59 gold pieces.

Inventory:

Hand Weapons
 e - a +0 sling
Armour
 h - a +0 buckler (worn)
Wands
 b - a wand of flame (15) (quivered)
 c - a wand of charming (14)
Scrolls
 d - 2 scrolls of poison {unknown}
 f - a scroll of enchant armour {unknown}
 g - a scroll of immolation {unknown}
Potions
 a - a potion of heal wounds {unknown}


   Skills:
 + Level 1.6 Fighting
 + Level 2.7 Dodging
 + Level 2.3 Stealth
 * Level 1.7 Unarmed Combat
 + Level 3.6 Evocations


You had 2 spell levels left.
You didn't know any spells.
Your spell library was empty.

Dungeon Overview and Level Annotations

Branches:
Dungeon (2/15)

Altars:

Shops:
D:2 [


Innate Abilities, Weirdness & Mutations

You cannot wear most types of armour.
You are amphibious.
You can wear up to eight rings at the same time.
Your skin changes colour to match your surroundings (Stealth+).
Your rubbery body absorbs attacks. (AC +1, EV +1)
((You are camouflaged when in or above water. (Stealth+)))
You have tentacles for arms and can constrict up to eight enemies at once.


Message History

You constrict the gnoll, but do no damage.
The gnoll closely misses you.
You tentacle-slap the gnoll but do no damage.
You squeeze the gnoll, but do no damage.
The gnoll is severely wounded.
You constrict the gnoll, but do no damage.
The gnoll hits you with a +0 flail!
You are too injured to fight recklessly!
You are too injured to fight recklessly!
You are too injured to fight recklessly!
You are too injured to fight recklessly!
You are too injured to fight recklessly!
You are too injured to fight recklessly!
Unknown command.
You tentacle-slap the gnoll.
The gnoll is almost dead.
You constrict the gnoll. The gnoll misses you.
You tentacle-slap the gnoll but do no damage.
The gnoll is almost dead.
You constrict the gnoll.
You kill the gnoll!
The kobold hits you with a +0 whip.
You barely miss the kobold. You grab the kobold.
You squeeze the kobold, but do no damage.
You constrict the kobold, but do no damage.
The kobold hits you with a +0 whip.
* * * LOW HITPOINT WARNING * * *
You tentacle-slap the goblin but do no damage.
Your grab misses the goblin. You squeeze the goblin.
The goblin is severely wounded.
You constrict the kobold. The goblin hits you with a +0 club.
* * * LOW HITPOINT WARNING * * *
The kobold misses you.
You barely miss the goblin. Your grab misses the goblin.
You squeeze the goblin, but do no damage.
The goblin is severely wounded.
You constrict the kobold.
You kill the kobold!
The goblin hits you with a +0 club.
You die...

.#.# .#.## #.# ## ....#
... .# ....# #.# .#
....# #.# .# .#### #
##.##.# .## #.#...#.# .
..#########.#...#)##....
................@g.'....
..#.######..#...#..#....
.##.# #...).....# .
###.# #.##).###.# ( #.#
# #.## .# ###.## # #.#
.# .#...# #.##.####.#
.#.).# #.........#
##...## ####.######


You could see a goblin.

Vanquished Creatures
  A gnoll (D:2)
  An adder (D:2)
  5 endoplasms (D:1)
  A giant cockroach (D:1)
  2 goblins (D:2)
  2 hobgoblins (D:1)
  A ball python (D:1)
  2 bats (D:2)
  A frilled lizard (D:1)
  2 kobolds (D:2)
  A rat (D:2)
19 creatures vanquished.

Vanquished Creatures (collateral kills)
  2 gnolls (D:2)
2 creatures vanquished.

Grand Total: 21 creatures vanquished

Notes
Turn   | Place    | Note
-------+----------+-------------------------------------------
     0 | D:1      | M4edhros the Octopode Artificer began the quest for the
                  | Orb.
     0 | D:1      | Reached XP level 1. HP: 13/13 MP: 1/1
   181 | D:1      | Reached XP level 2. HP: 13/18 MP: 2/2
   386 | D:2      | Reached skill level 1 in Unarmed Combat
   459 | D:2      | Found Featyew's Antique Armour Emporium.
   509 | D:2      | Reached XP level 3. HP: 23/23 MP: 3/3
   668 | D:2      | Slain by a goblin

Illustrated notes

Levels and vault maps discovered:
D:1:      co_arrival_square_in_a_square_in_a_square, layout_loops_ring
D:2:      minmay_general_purpose_star, layout_loops_corners, serial_shops, shop,
          shop

Skill      XL: |  1  2 |
---------------+-------+-----
Stealth        | 2 |  2.3
Unarmed Combat | 1 |  1.7
Fighting       | |  1.6
Dodging        | |  2.7
Evocations     | |  3.6

Action                   || total
-------------------------++-------
Melee: Unarmed           ||    63
       Tentacles         ||    15
       Constrict         ||    10
Evoke: Wand              ||     1
 Stab: Sleeping          ||     6
Armor: Skin              ||     5
Dodge: Dodged            ||    33
Block: Buckler           ||     1

Table legend: (Time is in decaauts)
 A = Elapsed time spent in this place.
 B = Non-inter-level travel time spent in this place.
 C = Inter-level travel time spent in this place.
 D = Time resting spent in this place.
 E = Time spent auto-exploring this place.
 F = Levels seen in this place.
 G = Mean time per level.
                   A        B        C        D        E       F      G
               +--------+--------+--------+--------+--------+-----+--------+
         Total |    666 |    647 |     19 |     44 |    399 |   2 |  333.0 |
       Dungeon |    666 |    647 |     19 |     44 |    399 |   2 |  333.0 |
               +--------+--------+--------+--------+--------+-----+--------+

Top non-repeatable levels by time:
     D:1: 342 daAuts
     D:2: 324 daAuts
